 Dungeon Crawl Stone Soup version 0.24.1 (webtiles) character file.

Game seed: 17375078511818711998, levelgen mode: deterministic

2270 MajorAdolf the Spear-Bearer (level 9, -1/68 (72) HPs)
             Began as a Naga Wanderer on Apr 5, 2020.
             Was an Initiate of Hepliaklqana.
             Slain by an orc warrior
             ... wielding a +0 glaive
              (15 damage)
             ... on level 6 of the Dungeon.
             The game lasted 00:18:57 (9565 turns).

MajorAdolf the Spear-Bearer (Naga Wanderer)         Turns: 9565, Time: 00:18:57

HP:   -1/68 (72)    AC:  4    Str: 13    XL:     9   Next: 38%
MP:   9/9           EV: 11    Int: 16    God:    Hepliaklqana [......]
Gold: 147           SH:  0    Dex: 12    Spells: 8/8 levels left

rFire    . . .     SeeInvis +   g - +4 scythe (holy)
rCold    . . .     Gourm    .   (shield currently unavailable)
rNeg     . . .     Faith    .   c - +0 robe
rPois    +         Spirit   .   (no helmet)
rElec    .         Reflect  .   (no cloak)
rCorr    .         Harm     .   (no gloves)
MR       +....                  (no barding)
Stlth    ++++......             (no amulet)
HPRegen  0.21/turn              (no ring)
MPRegen  0.11/turn              (no ring)

@: very slow
A: large, reduced essence, see invisible, deformed body, poison resistance,
slowness 2, slow metabolism 1, spit poison 1, AC +3
a: Spit Poison, Recall Ancestor, Ancestor Identity, Renounce Religion


You were on level 6 of the Dungeon.
You worshipped Hepliaklqana.
Hepliaklqana was noncommittal.
You were not hungry.

You visited 2 branches of the dungeon, and saw 8 of its levels.

You collected 357 gold pieces.
You spent 210 gold pieces at shops.

Inventory:

Hand Weapons
 a - a +2 quarterstaff
 g - a +4 scythe of holy wrath (weapon)
 j - a +1 spear
 p - a +0 trident
Missiles
 n - 7 poisoned darts (quivered)
Armour
 c - a +0 robe (worn)
Jewellery
 u - an uncursed ring of fire
 x - an uncursed ring of wizardry
Wands
 t - a wand of acid (8)
 y - a wand of enslavement (7)
Scrolls
 b - a scroll of amnesia {unknown}
 e - 6 scrolls of identify
 i - 2 scrolls of teleportation
 k - a scroll of immolation
 m - 2 scrolls of blinking
 q - a scroll of remove curse
 w - a scroll of fear
Potions
 f - 2 potions of curing
 h - 3 potions of flight
 l - 3 potions of haste
 o - a potion of agility
 r - 2 potions of heal wounds
 s - a potion of berserk rage
 v - a potion of brilliance {unknown}
Comestibles
 d - 12 rations


   Skills:
 + Level 4.9 Fighting
 + Level 9.4(9.5) Polearms
 - Level 2.0(6.2) Staves
 - Level 1.0 Throwing
 - Level 1.0 Armour
 + Level 3.5 Dodging
 + Level 8.2 Stealth
   Level 1.0 Shields
 + Level 0.3 Invocations


You had 8 spell levels left.
You didn't know any spells.
Your spell library was empty.

Dungeon Overview and Level Annotations

Branches:
Dungeon (7/15)             Temple (1/1) D:5

Altars:
Ashenzari
Cheibriados
Dithmenos
Elyvilon
Fedhas
Gozag
Hepliaklqana
Kikubaaqudgha
Makhleb
Nemelex Xobeh
Okawaru
Qazlal
Ru
Sif Muna
Trog
Uskayaw
Vehumet
Wu Jian
Xom
Yredelemnul
Zin
The Shining One

Shops:
D:5 !

Annotations:
D:2 exclusion: adder
D:3 2 runed translucent doors, exclusion: adder, Blackmass's ghost, amateur MiFi
D:4 exclusion: iguana
D:5 exclusion: iguana


Innate Abilities, Weirdness & Mutations

You cannot wear boots.
Your serpentine skin is tough. (AC +3)
You have supernaturally acute eyesight. (SInv)
Armour fits poorly on your strangely shaped body.
Your system is resistant to poisons. (rPois)
You cover ground very slowly.
You have a slow metabolism.
You can spit poison.
Your life essence is reduced to manifest your ancestor. (-10% HP)


Message History

Press: ? - help, Dir - move target cursor, f/p - orc warrior
Aim: an orc warrior, wielding a +0 glaive and wearing a +0 plate armour (severely wounded)
You could not reach far enough!
The orc warrior closely misses Quintus.
Quintus closely misses the orc warrior.
Attack whom?
Press: ? - help, Dir - move target cursor, f/p - orc warrior
Aim: an orc warrior, wielding a +0 glaive and wearing a +0 plate armour (severely wounded)
You reach to attack!
You hit the orc warrior.
The orc warrior is severely wounded.
Quintus hits the orc warrior.
The orc warrior closely misses you.
Quintus closely misses the orc warrior.
Attack whom?
Press: ? - help, Dir - move target cursor, f/p - orc warrior
Aim: an orc warrior, wielding a +0 glaive and wearing a +0 plate armour (almost dead)
You could not reach far enough!
The orc warrior hits you from afar with a +0 glaive!!
* * * LOW HITPOINT WARNING * * *
Quintus hits the orc warrior but does no damage.
The orc warrior hits you from afar with a +0 glaive!
You die...

.#######.#########.#
.# #.# #.# .# #.# #.#
.# ##'# #.# .# ##...##
#.# ## ##.....## #.# #
##.......## ##.##
####.........####...##
...'.........'oR@.#..#
####.........###.###.#
# #.......#####.#.##
##..)..##><......#
##...###.###....#
##'## #.###....### #.#
#..........# ######.#
#[.........# #......##
#.>........#


You could see the friendly Quintus the ancestor and an orc warrior.

Vanquished Creatures
  Sigmund (D:5)
  2 phantoms
  A necrophage (D:7)
  3 ogres
  4 centaurs
  2 scorpions
  2 wights (D:6)
  2 crimson imps
  A bullfrog zombie (D:7)
  3 orc priests
  A centaur skeleton (D:4)
  5 hounds
  An iguana (D:7)
  5 orc wizards
  9 worker ants
  A hound zombie (D:6)
  A hound skeleton (D:5)
  9 adders
  3 river rats (D:5)
  2 oozes
  A worm (D:2)
  3 dart slugs
  7 leopard geckos
  20 orcs
  8 bats
  4 giant cockroaches
  5 goblins
  5 hobgoblins
  18 jackals
  3 quokkas
  2 frilled lizards (D:1)
  8 kobolds
  A quokka zombie (D:5)
  9 rats
152 creatures vanquished.

Vanquished Creatures (collateral kills)
  A wight (D:6)
  An orc wizard (D:6)
  2 orcs (D:6)
4 creatures vanquished.

Grand Total: 156 creatures vanquished

Notes
Turn   | Place    | Note
-------+----------+-------------------------------------------
     0 | D:1      | MajorAdolf the Naga Wanderer began the quest for the Orb.
     0 | D:1      | MajorAdolf set off with the following items: a +2
                  | quarterstaff, 2 potions of lignification, a +0 robe, a
                  | ration
     0 | D:1      | Reached XP level 1. HP: 21/21 MP: 1/1
    68 | D:1      | Reached skill level 1 in Stealth
   173 | D:1      | Reached XP level 2. HP: 28/28 MP: 2/2
   486 | D:1      | Reached XP level 3. HP: 32/34 MP: 3/3
  1117 | D:2      | Reached skill level 5 in Stealth
  1199 | D:2      | Found a shadowy altar of Dithmenos.
  1804 | D:2      | Reached XP level 4. HP: 42/42 MP: 4/4
  2042 | D:3      | Found a runed translucent door.
  2043 | D:3      | Noticed a bullfrog
  2051 | D:3      | Noticed Blackmass's ghost (amateur MiFi)
  2076 | D:3      | Reached skill level 1 in Polearms
  2485 | D:3      | Reached skill level 2 in Polearms
  2676 | D:3      | Found a runed translucent door.
  2777 | D:4      | Reached skill level 3 in Polearms
  2777 | D:4      | Reached XP level 5. HP: 11/49 MP: 5/5
  3487 | D:3      | Reached skill level 4 in Polearms
  3541 | D:3      | Reached XP level 6. HP: 56/56 MP: 6/6
  3732 | D:4      | Reached skill level 5 in Polearms
  4366 | D:5      | Entered Level 5 of the Dungeon
  4466 | D:5      | Reached skill level 6 in Polearms
  4466 | D:5      | Reached XP level 7. HP: 19/62 MP: 7/7
  4602 | D:5      | Found a staircase to the Ecumenical Temple.
  4611 | Temple   | Entered the Ecumenical Temple
  4791 | D:5      | Noticed Sigmund
  4813 | D:5      | Killed Sigmund
  4813 | D:5      | Reached skill level 7 in Polearms
  5454 | D:5      | Reached XP level 8. HP: 16/69 MP: 8/8
  5473 | D:5      | Reached skill level 8 in Polearms
  5778 | D:5      | Found Xacorown's Distillery.
  6093 | D:5      | Bought a potion of heal wounds for 70 gold pieces
  6093 | D:5      | Bought a potion of heal wounds for 70 gold pieces
  6093 | D:5      | Bought a potion of berserk rage for 70 gold pieces
  7331 | D:7      | Reached skill level 9 in Polearms
  7336 | D:7      | Reached XP level 9. HP: 67/78 MP: 9/9
  7600 | D:7      | Found an ornate altar of the Wu Jian Council.
  9285 | D:6      | Found a glowing silver altar of Zin.
  9288 | D:6      | Found a hazy altar of Hepliaklqana.
  9289 | D:6      | Found a sparkling altar of Nemelex Xobeh.
  9291 | D:6      | Found an ancient bone altar of Kikubaaqudgha.
  9318 | D:6      | Became a worshipper of Hepliaklqana the Forgotten
  9565 | D:6      | Slain by an orc warrior

Levels and vault maps discovered:
D:1:      dpeg_arrival_water_temple_mockup, layout_loops_ring,
          chequers_serial_rivers_large_b, minmay_misc_feat_five
D:2:      layout_loops_ring, grunt_dithmenos_smoke
D:3:      layout_rooms, ebering_ghost_sewer_f, minivault_23
D:4:      layout_gridville, first_ration
D:5:      layout_cave_pools, minmay_temple_entry_junction,
          gup_sewer_entry_bubbles, serial_shops, nicolae_shop_waterfront,
          uniq_sigmund
D:6:      layout_loops_corners, grunt_temple_overflow_open
D:7:      layout_basic, nicolae_overflow_hidden_temple, uniq_harold
Temple:   minmay_crystal_spiral_temple

Skill      XL: |  1  2  3  4  5  6  7  8  9 |
---------------+----------------------------+-----
Stealth        | 2 4 5 7 8 |  8.2
Polearms       | 3 4 6 7 9 |  9.4
Dodging        | 2 3 |  3.5
Fighting       | 4 |  4.9
Staves         | |  2.0
Throwing       | |  1.0
Armour         | |  1.0
Shields        | |  1.0
Invocations    | |  0.3

Action                   |  1- 3 |  4- 6 |  7- 9 || total
-------------------------+-------+-------+-------++-------
Melee: Quarterstaff      |    89 |    96 |     8 ||   193
       Spear             |       |     7 |       ||     7
       Scythe            |       |       |   215 ||   215
Throw: Dart              |       |     5 |     2 ||     7
 Abil: Spit Poison       |    18 |    21 |     4 ||    43
  Use: Scroll            |       |    11 |     7 ||    18
       Potion            |       |       |     5 ||     5
 Stab: Sleeping          |     6 |     2 |     9 ||    17
       Distracted        |       |       |     2 ||     2
  Eat: Chunk             |     2 |     9 |    13 ||    24
Armor: Robe              |    27 |    24 |    31 ||    82
       Skin              |       |       |    34 ||    34
Dodge: Dodged            |    47 |    72 |   137 ||   256
